Zazza, neutral female human Tourist ----------- |.........-####` ------------- # ----------- |.........| # |...........| -----+-- |....`....| |.........| ###....>.......| |......| |.........| #......<...-# #|...........| |......| #..........| #-----------# #---------|--- |......-#####|.........-# #### # #### # |..`...| -----------# # # # # |......-############################################## ## |......| # # # # -+--.- ---+---- # # # ## # |....| # # # #-----f--####.....| ---- # # #|.....(|# |....| |..| # # # #|...gggg# |....| |..| #-----# #.....g@|# |....| ---- #|....# --------# ------ #....|################### |...+# ----- Zazza the Sightseer Experience level: 3 Strength: 12 Dexterity: 14 Constitution: 12 Intelligence: 12 Wisdom: 8 Charisma: 18 Health: 0(24) Energy: 7(7) Def: 1 Gold: 0 Moves: 2654 Dungeon seed: aV-CZal6KajtLxAH Game ID: Zazza_1596608179 Your Inventory: Armor r - a cursed +0 orcish helm (being worn) Y - a cursed -1 pair of fumble boots (being worn) Spells and supernatural/magical abilities: Name Level Category Fail Memory W - pray for help -- divine ? -- Your skills at the end: Fighting Skills Weapon Skills dart [Basic] Spellcasting Skills Final Attributes: You were fervently aligned. You fumbled. You were telepathic. You are dead. Vanquished creatures: a floating eye a kobold lord a hill orc 2 giant bats 3 dwarf zombies 2 acid blobs a coyote a gas spore a hobbit 3 giant rats a brown mold 2 green molds 2 gnomes a gnome zombie 12 jackals a fox 2 kobolds 4 goblins a sewer rat 5 grid bugs 2 bats 3 lichens a kobold zombie 6 newts 59 creatures vanquished. Voluntary challenges: You used a wielded weapon 24 times, starting on turn 1551. You read items or engraved 14 times, starting on turn 446. You never genocided any monsters. You never polymorphed an object. You never changed form. You used no wishes. You never split a pudding. You wrote Elbereth's name 3 times, starting on turn 1895. You never violated your personal moral code. Dungeon overview: The Dungeons of Doom: levels 1 to 7 Level 1 a long staircase Level 2 Level 3 Level 4 a fountain, a sink stairs to The Gnomish Mines Level 5 Level 6 <- You were here Level 7 many fountains The Gnomish Mines: Level 5 stairs to The Dungeons of Doom History has recorded: On T:1 you entered the Dungeons of Doom to retrieve the Amulet of Yendor! On T:374 you reached level 2 of The Dungeons of Doom. On T:708 you reached level 3 of The Dungeons of Doom. On T:886 you reached level 4 of The Dungeons of Doom. On T:909 you reached level 5 of The Dungeons of Doom. On T:1650 you reached level 1 of The Gnomish Mines. On T:1765 you advanced to experience level 2. On T:2114 you reached level 6 of The Dungeons of Doom. On T:2159 you reached level 7 of The Dungeons of Doom. On T:2494 you advanced to experience level 3. Score breakdown: Gold: 0 ( 0 points) Experience: 3 levels ( 7878 points) Exploration: 7 levels ( 14.58%) (10718 points) Discoveries: 3 items ( 1.01%) ( 3010 points) Valuables value: (no points given unless you survive) Artifact value: 0 ( 0 points) Variety of kills: 24 monsters ( 6.30%) ( 7529 points) Turncount: 2654 turns ( -418 points) Survival: died (score multiplied by 80%) Total score: 22973 Latest messages: You put an octagonal amulet into the large box. You put a runed dagger into the large box. You put 32 +2 darts into the large box. You put a +0 pair of jumping boots into the large box. You put 3 uncursed potions of extra healing into the large box. You put an expensive camera (0:74) into the large box. You put an uncursed credit card into the large box. You put an uncursed towel into the large box. M - a scroll labeled DAIYEN FOOELS. As you read the scroll, it disappears. You have found a scroll of genocide! Sent in some gremlins. The gremlin hits! (2x) The gremlin bites! The gremlin hits! (3x) The gremlin bites! The gremlin hits! (3x) You die... Final status: Aloha Zazza the Tourist, killed by a gremlin... You died in The Dungeons of Doom on dungeon level 6 with 22973 points, and 0 pieces of gold, after 2654 moves. You were level 3 with a maximum of 24 hit points when you died.